 Dungeon Crawl Stone Soup version 0.21.1-1-g345015f (webtiles) character file.

43 tyranidshit the Skirmisher (level 3, 0/31 HPs)
             Began as a Demonspawn Abyssal Knight on July 30, 2018.
             Was a Follower of Lugonu.
             Slain by an adder (1 damage)
             ... on level 1 of the Dungeon.
             The game lasted 00:02:29 (851 turns).

tyranidshit the Skirmisher (DsAK)                    Turns: 851, Time: 00:02:31

Health: 0/31       AC:  2    Str: 13    XL:     3   Next: 37%
Magic:  4/4        EV: 11    Int: 13    God:    Lugonu [*.....]
Gold:   67         SH:  0    Dex: 12    Spells: 2/2 levels left

rFire    . . .     SeeInvis .   a - +1 hand axe
rCold    . . .     Gourm    .   (no shield)
rNeg     . . .     Faith    .   b - +0 leather armour
rPois    .         Spirit   .   (helmet restricted)
rElec    .         Reflect  .   (no cloak)
rCorr    .         Harm     .   (no gloves)
MR       .....                  (no boots)
Stlth    +.........             (no amulet)
HPRegen  0.10/turn              (no ring)
MPRegen  0.09/turn              (no ring)

@: lethally poisoned (0 -> -16)
A: hooves 1, horns 1, deformed body, shaggy fur 1
a: Depart the Abyss, Renounce Religion


You were on level 1 of the Dungeon.
You worshipped Lugonu.
Lugonu was aware of your devotion.
You were not hungry.

You visited 1 branch of the dungeon, and saw 2 of its levels.
You visited the Abyss 1 time.

You collected 67 gold pieces.

Inventory:

Hand Weapons
 a - a +1 hand axe (weapon)
Armour
 b - a +0 leather armour (worn)
Scrolls
 g - a scroll of remove curse
Comestibles
 c - 2 rations


   Skills:
 + Level 4.5 Fighting
 - Level 1.7 Axes
 - Level 1.7 Armour
 - Level 0.8 Dodging
 - Level 2.4 Invocations


You had 2 spell levels left.
You didn't know any spells.

Dungeon Overview and Level Annotations

Branches:
Dungeon (2/15)

Altars:


Innate Abilities, Weirdness & Mutations

You have large cloven feet.
You have a pair of small horns on your head.
Armour fits poorly on your strangely shaped body.
You are covered in fur. (AC +1)


Message History

The adder poisons you! The adder closely misses you.
You feel sick. The adder bites you.
* * * LOW HITPOINT WARNING * * *
You are more poisoned.
The adder poisons you!
* * * LOW HITPOINT WARNING * * *
You feel sick.
You hit the adder. Your kick misses the adder. Your headbutt misses the adder.
The adder is lightly wounded.
* * * LOW HITPOINT WARNING * * *
You feel sick. The adder misses you. The adder closely misses you.
You barely miss the adder.
The adder is lightly wounded.
* * * LOW HITPOINT WARNING * * *
You feel sick. The adder closely misses you.
You closely miss the adder.
The adder is lightly wounded.
* * * LOW HITPOINT WARNING * * *
You feel sick. The adder barely misses you. The adder bites you.
You die...

############## #............#
#.##########.# #.# #.#
################
#.##########.#####...............
.............SSS@..#############.
......#.....>.####.# #.
.........###†.# #.# ###########.
......#..# #..# ##.###...........
.....##..###..###...##.##########
...(.................#(#
.......................#
..##.##.#####.#......#.#
#.##)##.# #.#.#...##.#


You could see 3 adders.

Vanquished Creatures
  An adder (D:1)
  A dart slug (D:1)
  A bat (D:1)
  A giant cockroach (D:1)
  3 goblins (D:1)
  6 hobgoblins (D:1)
  4 jackals (D:1)
  A frilled lizard (D:1)
  5 kobolds (D:1)
  6 rats (D:1)
29 creatures vanquished.

Notes
Turn   | Place    | Note
-------+----------+-------------------------------------------
     0 | Abyss:1  | tyranidshit the Demonspawn Abyssal Knight began the quest for the Orb.
     0 | Abyss:1  | Reached XP level 1. HP: 18/18 MP: 2/2
    53 | Abyss:1  | Noticed a neqoxec
    56 | Abyss:1  | Noticed a crimson imp
    57 | D:1      | Escaped the Abyss
    98 | D:1      | Reached * piety under Lugonu
   207 | D:1      | Gained mutation: You have large cloven feet. [demonic ancestry]
   207 | D:1      | Reached XP level 2. HP: 24/24 MP: 3/3
   309 | D:1      | Reached skill level 4 in Fighting
   489 | D:1      | Reached XP level 3. HP: 18/30 MP: 4/4
   833 | D:1      | Gained mutation: Armour fits poorly on your strangely shaped body. [potion of mutation]
   833 | D:1      | Gained mutation: You are covered in fur. (AC +1) [potion of mutation]
   833 | D:1      | Gained mutation: You have a pair of small horns on your head. [potion of mutation]
   851 | D:1      | HP: 1/31 [poisoned by an adder]
   851 | D:1      | Slain by an adder

Skill      XL: |  1  2 |
---------------+-------+-----
Fighting       | 4 |  4.5
Axes           | |  1.7
Armour         | |  1.7
Dodging        | |  0.8
Invocations    | |  2.4

Action                   || total
-------------------------++-------
Melee: Hand axe          ||    81
       Kick              ||    11
Invok: Depart the Abyss  ||     1
  Use: Scroll            ||     5
       Potion            ||     4
Armor: Leather armour    ||    19
Dodge: Dodged            ||    61
